 Dungeon Crawl Stone Soup version 0.31-a0-662-g684573625c (webtiles) character file.

Game seed: 8015711981031251180

37 Shayle the Changeling (level 3, -6/33 HPs)
             Began as an Ogre Shapeshifter on Sept 1, 2023.
             Mangled by a worm (10 damage)
             ... on level 2 of the Dungeon.
             The game lasted 00:03:59 (1036 turns).

Shayle the Changeling (Ogre Shapeshifter)           Turns: 1036, Time: 00:04:00

Health: -6/33      AC:  3    Str: 18    XL:     3   Next: 41%
Magic:  3/3        EV:  9    Int: 13    God:
Gold:   65         SH:  0    Dex:  8    Spells: 2/2 levels left

rFire   . . .        f - +3 dagger (protect)
rCold   . . .        (no shield)
rNeg    . . .        a - +0 animal skin
rPois   .            (helmet currently unavailable)
rElec   .            (cloak currently unavailable)
rCorr   .            (gloves unavailable)
SInv    .            (boots unavailable)
Will    .....        (no amulet)
Stlth   +            (no ring)
HPRegen 0.25/turn    (no ring)
MPRegen 0.08/turn

%: no passive effects
@: beast-form
A: beast (slay +2), large, unfitting armour, tough skin 1
a: Begin Untransformation


You were on level 2 of the Dungeon.
You were a hulking beast.
You visited 1 branch of the dungeon, and saw 2 of its levels.

You collected 65 gold pieces.

Inventory:

Hand Weapons
 f - a +3 dagger of protection (weapon)
Armour
 a - a +0 animal skin (worn)
 i - a scarf of shadows
Jewellery
 m - a +6 ring of dexterity
Talismans
 c - a beast talisman (active)
 d - a flux talisman
Scrolls
 g - a scroll of teleportation {unknown}
 j - 3 scrolls of poison {unknown}
 k - a scroll of identify {unknown}
Potions
 b - a potion of lignification
 e - a potion of curing {unknown}
 h - 2 potions of degeneration {unknown}
 l - a potion of mutation {unknown}


   Skills:
 - Level 1.3 Fighting
 - Level 1.7 Dodging
 + Level 3.3 Unarmed Combat
 + Level 3.6 Shapeshifting


You had 2 spell levels left.
You didn't know any spells.
Your spell library contained the following spells:

 Spells                   Type           Power      Damage    Failure   Level
 Poisonous Vapours        Pois/Air       0%         N/A       43%         2
 Mephitic Cloud           Conj/Pois/Air  0%         N/A       67%         3
 Freezing Cloud           Conj/Ice/Air   0%         6-21      100%        5


Dungeon Overview and Level Annotations

Branches:
Dungeon (2/15)

Altars:

Shops:
D:1 [

Annotations:
D:2 Robin


Innate Abilities, Weirdness & Mutations

You are a hulking beast.
Your limbs bulge with bestial killing power. (Slay +2)
You are too large for most types of armour.
You have tough skin. (AC +1)


Message History

The goblin hits the plant with a +0 dagger.
The goblin hits the plant with a +0 club.
You enter the shallow water.
Found 6 stones.
The jackal attacks as it pursues you! The jackal bites you.
A worm comes into view.
Robin roars a battlecry!
The goblins go into a battle-frenzy!
Something bites the plant.
The plant begins to die.
The jackal attacks as it pursues you! The jackal bites you.
The jackal barely misses you. The jackal attacks as it pursues you!
The jackal bites you.
A nearby plant withers and dies.
The jackal attacks as it pursues you! The jackal barely misses you.
The jackal attacks as it pursues you!
The jackal bites you but does no damage.
The jackal barely misses you. The jackal attacks as it pursues you!
The jackal bites you but does no damage.
The jackal attacks as it pursues you! The jackal bites you.
The adder attacks as it pursues you! The adder bites you. The jackal bites you.
The adder attacks as it pursues you! The adder bites you.
You are poisoned.
The adder poisons you! The adder closely misses you.
You feel sick.
You feel sick. The adder attacks as it pursues you! The adder bites you.
You feel sick. The worm bites you!
You feel sick.
You are no longer poisoned.
The adder bites you.
* * * LOW HITPOINT WARNING * * *
The endoplasm freezes you.
You are frozen.
* * * LOW HITPOINT WARNING * * *
The worm attacks as it pursues you! The worm bites you.
* * * LOW HITPOINT WARNING * * *
There is a stone staircase leading up here.
The hobgoblin no longer looks unusually strong.
The jackal closely misses you. The adder bites you but does no damage.
The endoplasm barely misses you. The jackal misses you. The worm bites you!
You die...

#..♣..~~~...
#..gg♣gg~~..
#g#.♣~~~♣ ..
#.#♣~♣~~♣♣..
#.#.♣S~♣♣...
####.#g~~~...P#
##....#.♣♣~....(.
##..(gJ##h.gwP#...
#.....h.#.P...# ..
#....Shw#g..♣## w
#.......#...#
##....h.#..##
##......#..#
#......g#..#
#.......g..#
#..........#
##.....#...# .


You could see a worm, an adder, an endoplasm, 2 jackals, a hobgoblin and 3
goblins.

Vanquished Creatures
  6 endoplasms (D:1)
  A giant cockroach (D:1)
  A hobgoblin (D:1)
  4 jackals
  5 quokkas (D:1)
  4 ball pythons (D:1)
  2 bats
  3 frilled lizards (D:1)
  3 goblins (D:1)
  2 kobolds (D:1)
  3 rats (D:1)
34 creatures vanquished.

Notes
Turn   | Place    | Note
-------+----------+-------------------------------------------
     0 | D:1      | Shayle the Ogre Shapeshifter began the quest for the Orb.
     0 | D:1      | Reached XP level 1. HP: 19/19 MP: 1/1
    27 | D:1      | Found Ungiq's Antique Armour Shop.
   144 | D:1      | Reached XP level 2. HP: 27/27 MP: 2/2
   290 | D:1      | Found a faded altar of an unknown god.
   349 | D:1      | Reached XP level 3. HP: 33/33 MP: 3/3
  1017 | D:2      | Noticed Robin
  1036 | D:2      | Mangled by a worm

Illustrated notes

Levels and vault maps discovered:
D:1:      minmay_arrival_stair_chambers, layout_basic,
          hellmonk_ecumenical_altar_run_dry, serial_shops,
          nicolae_shop_overgrown_old_shop, minmay_octomino_j4
D:2:      layout_rooms, basic_altar, serial_bayou_pond_a, grunt_ministairs_12,
          uniq_sigmund, uniq_robin

Skill      XL: |  1 |
---------------+----+-----
Unarmed Combat | 3 |  3.3
Fighting       | |  1.3
Dodging        | |  1.7
Shapeshifting  | |  3.6

Action                     || total
---------------------------++-------
  Melee: Unarmed           ||    18
         Dagger            ||    81
         Punch             ||     1
   Stab: Sleeping          ||     1
 Armour: Animal skin       ||    87
  Dodge: Dodged            ||    64

Table legend: (Time is in decaauts)
 A = Elapsed time spent in this place.
 B = Non-inter-level travel time spent in this place.
 C = Inter-level travel time spent in this place.
 D = Time resting spent in this place.
 E = Time spent auto-exploring this place.
 F = Levels seen in this place.
 G = Mean time per level.
                   A        B        C        D        E       F      G
               +--------+--------+--------+--------+--------+-----+--------+
         Total |   1034 |    945 |     89 |     74 |    557 |   2 |  517.0 |
       Dungeon |   1034 |    945 |     89 |     74 |    557 |   2 |  517.0 |
               +--------+--------+--------+--------+--------+-----+--------+

Top non-repeatable levels by time:
     D:1: 963 daAuts
     D:2: 71 daAuts
